 Dungeon Crawl Stone Soup version 0.17.1-3-g152610e (webtiles) character file.

165 Arkorax the Insei (level 5, -3/38 HPs)
             Began as an Octopode Monk on Apr 28, 2016.
             Was a Believer of Okawaru.
             Slain by an ooze (5 damage)
             ... on level 4 of the Dungeon.
             The game lasted 00:04:19 (3695 turns).

Arkorax the Insei (Octopode Monk)                   Turns: 3695, Time: 00:04:19

Health: -3/38      AC:  1    Str: 10    XL:     5   Next: 46%
Magic:  5/5        EV: 10    Int: 12    God:    Okawaru [**....]
Gold:   171        SH:  7    Dex: 16    Spells: 0 memorised, 4 levels left

rFire  . . .     SeeInvis .       - Unarmed
rCold  . . .     Clarity  .     n - +0 shield
rNeg   . . .     SustAt   .     (helmet restricted)
rPois  .         Gourm    .     (no amulet)
rElec  .         Spirit   .     u - ring of stealth
rCorr  .         Warding  .     (no ring)
rMut   .         Stasis   .     (no ring)
MR     .....                    (no ring)
Stlth  +++++.....               (no ring)
                                (no ring)
                                (no ring)
                                (no ring)

@: not resistant to hostile enchantments, quite stealthy
A: almost no armour, amphibious, 8 rings, constrict 8, camouflage 1, gelatinous
body 1
a: Heroism, Renounce Religion


You were on level 4 of the Dungeon.
You worshipped Okawaru.
Okawaru was pleased with you.
You were not hungry.

You visited 1 branch of the dungeon, and saw 4 of its levels.

You collected 171 gold pieces.

Inventory:

Armour
 n - a +0 shield (worn)
Jewellery
 u - a ring of stealth (left tentacle)
Wands
 o - a wand of digging (18)
Scrolls
 c - 2 scrolls of enchant weapon {unknown}
 d - a scroll of recharging {unknown}
 e - 2 scrolls of identify {unknown}
 j - 4 scrolls of teleportation {unknown}
 k - a scroll of fog {unknown}
 l - a scroll of remove curse {unknown}
 r - a scroll of immolation {unknown}
Potions
 b - 3 potions of magic {unknown}
 g - a potion of poison {unknown}
 i - a potion of ambrosia {unknown}
 m - a potion of cancellation {unknown}
 p - a potion of brilliance {unknown}
 q - a potion of degeneration {unknown}
 s - a potion of lignification {unknown}
 t - 2 potions of curing {unknown}
 v - 2 potions of mutation {unknown}
Comestibles
 a - 4 bread rations
 f - 2 fruits
 h - 3 beef jerkies


   Skills:
 * Level 4.4 Fighting
 - Level 3.0 Dodging
 - Level 3.7 Stealth
 + Level 1.0 Shields
 * Level 5.1 Unarmed Combat


You had 4 spell levels left.
You didn't know any spells.

Dungeon Overview and Level Annotations

Branches:
Dungeon (4/15)
 Temple: D:4-7

Altars:
Cheibriados
Fedhas
Gozag
Makhleb
Okawaru
Qazlal
Sif Muna


Innate Abilities, Weirdness & Mutations

You cannot wear most types of armour.
You are amphibious.
You can wear up to eight rings at the same time.
You can use your tentacles to constrict eight enemies at once.
Your skin changes colour to match your surroundings (Stealth).
Your rubbery body absorbs attacks (AC +1).


Message History

You tentacle-slap the worker ant but do no damage.
The worker ant is heavily wounded.
You constrict the worker ant, but do no damage.
The worker ant closely misses you. The ogre hits you with a giant club!
You block the ooze's attack.
You tentacle-slap the worker ant. You squeeze the worker ant.
You kill the worker ant!
Okawaru accepts your kill.
Your Shields skill increases to level 1!
The ooze closely misses you.
Unknown command.
You tentacle-slap the ogre.
The ogre is moderately wounded.
You block the ogre's attack. The ooze hits you.
You tentacle-slap the ogre.
The ogre is heavily wounded.
The ogre hits you with a giant club!
* * * LOW HITPOINT WARNING * * *
The ooze hits you.
You die...

#. .. #.#.# #.#.#
#.#.# ###### #.#.#
####....
##.#.####.....#
#....#.)......#
#....#.......J#
##.#.#......@O#
#.#<#...#......#
##.###...#.#......#
#........#.#.####.#
##########.#.# #
..#.# #.#.# ###.#


You could see an ogre and an ooze.

Vanquished Creatures
  A worker ant (D:4)
  5 adders
  An ooze (D:1)
  2 worms (D:3)
  4 giant geckos
  5 orcs
  7 bats
  A giant cockroach (D:2)
  9 goblins
  12 hobgoblins
  4 jackals (D:1)
  A quokka (D:2)
  A ball python (D:2)
  8 giant newts
  6 kobolds
  14 rats
81 creatures vanquished.

Notes
Turn   | Place    | Note
--------------------------------------------------------------
     0 | D:1      | Arkorax the Octopode Monk began the quest for the Orb.
     0 | D:1      | Reached XP level 1. HP: 16/16 MP: 1/1
   370 | D:1      | Reached XP level 2. HP: 21/21 MP: 2/2
   816 | D:1      | Reached XP level 3. HP: 21/26 MP: 3/3
  1359 | D:2      | Found an iron altar of Okawaru.
  1410 | D:2      | Became a worshipper of Warmaster Okawaru
  1410 | D:2      | Reached * piety under Okawaru
  1410 | D:2      | Reached ** piety under Okawaru
  1829 | D:2      | Reached XP level 4. HP: 14/32 MP: 4/4
  2050 | D:2      | Found a burning altar of Makhleb.
  2137 | D:2      | Found an opulent altar of Gozag.
  2137 | D:2      | Found a snail-covered altar of Cheibriados.
  2229 | D:2      | Found a stormy altar of Qazlal.
  2311 | D:2      | Found a deep blue altar of Sif Muna.
  3333 | D:3      | Reached XP level 5. HP: 37/37 MP: 5/5
  3350 | D:3      | Reached skill level 5 in Unarmed Combat
  3560 | D:3      | Found a blossoming altar of Fedhas.
  3684 | D:4      | Noticed an ogre
  3693 | D:4      | Reached skill level 1 in Shields
  3695 | D:4      | Slain by an ooze

Action                   |  1- 3 |  4- 6 || total
-------------------------+-------+-------++-------
Melee: Unarmed           |    83 |    80 ||   163
  Use: Potion            |     1 |     1 ||     2
 Stab: Sleeping          |    17 |    21 ||    38
  Eat: Chunk             |     3 |     1 ||     4
       Bread ration      |       |     1 ||     1
